 Dungeon Crawl Stone Soup version 0.30-b1-2-g02819fbbbe (webtiles) character file.

Game seed: 9692645548930736967

5567 raph the Arsonist (level 10, 0/56 HPs)
             Began as a Deep Elf Fire Elementalist on Aug 30, 2023.
             Was a Believer of Sif Muna.
             Succumbed to a green ugly thing's poison
             ... on level 9 of the Dungeon.
             The game lasted 00:13:19 (7907 turns).

raph the Arsonist (Deep Elf Fire Elementalist)      Turns: 7907, Time: 00:13:20

Health: 0/56       AC: 12    Str:  5    XL:     10   Next: 44%
Magic:  1/22       EV: 15    Int: 25    God:    Sif Muna [**....]
Gold:   519        SH:  0    Dex: 15    Spells: 9/22 levels left

rFire   . . .        z - +2 dagger (drain)
rCold   + . .        (no shield)
rNeg    + . .        u - +2 robe {rN+}
rPois   +            f - +2 hat
rElec   .            E - +2 cloak {rPois}
rCorr   .            (no gloves)
SInv    .            j - +2 pair of boots
Will    +....        h - amulet of magic regeneration
Stlth   ++           l - ring of protection from cold
HPRegen 0.29/turn    (no ring)
MPRegen 0.58/turn

%: no passive effects
@: lethally poisoned (0 -> -8)
A: no striking features
a: Renounce Religion, Channel Magic


You were on level 9 of the Dungeon.
You worshipped Sif Muna.
Sif Muna was pleased with you.
You visited 2 branches of the dungeon, and saw 10 of its levels.

You collected 589 gold pieces.
You spent 70 gold pieces at shops.

Inventory:

Hand Weapons
 d - a +0 dagger of flaming
 q - a +2 dagger of holy wrath
 z - a +2 dagger of draining (weapon)
Missiles
 y - 7 curare-tipped darts
 D - 4 poisoned darts
Armour
 f - a +2 hat (worn)
 j - a +2 pair of boots (worn)
 u - a +2 robe of positive energy (worn)
 E - a +2 cloak of poison resistance (worn)
Jewellery
 h - an amulet of magic regeneration (around neck)
 l - a ring of protection from cold (left hand)
 t - an amulet of reflection
 B - an amulet of the acrobat
 C - a ring of ice
Wands
 s - a wand of flame (1)
 G - a wand of digging (5)
Scrolls
 o - 3 scrolls of fear
 p - 2 scrolls of vulnerability
 v - 6 scrolls of enchant armour
 x - 5 scrolls of teleportation
Potions
 b - 3 potions of magic
 c - a potion of berserk rage
 e - 2 potions of might
 g - 2 potions of resistance
 i - 2 potions of brilliance
 k - 3 potions of haste
 m - 2 potions of heal wounds
 n - a potion of lignification
 r - 6 potions of curing
 w - a potion of ambrosia {unknown}
 A - a potion of attraction
 F - 2 potions of flight {unknown}


   Skills:
 + Level 4.0 Fighting
 + Level 6.5 Dodging
 - Level 2.4 Stealth
 - Level 6.7 Spellcasting
 + Level 8.0 Conjurations
 * Level 11.7 Fire Magic
 + Level 3.7 Invocations


You had 9 spell levels left.
You knew the following spells:

 Your Spells              Type           Power      Damage    Failure   Level
a - Foxfire               Conj/Fire      100%       2x1d9     1%          1
b - Scorch                Fire           100%       2d9       1%          2
c - Inner Flame           Hex/Fire       37%        N/A       1%          3
d - Volatile Blastmotes   Fire/Tloc      74%        2d16      1%          3
e - Flame Wave            Conj/Fire      55%        2d13      1%          4

Your spell library contained the following spells:

 Spells                   Type           Power      Damage    Failure   Level
 Necrotise                Necr           32%        1d5       7%          1
 Gell's Gravitas          Tloc           8%         N/A       21%         3
 Teleport Other           Tloc           8%         N/A       21%         3
 Vampiric Draining        Necr           8%         2d6       21%         3
 Agony                    Necr           8%         N/A       88%         5
 Dispersal                Tloc           4%         N/A       100%        6


Dungeon Overview and Level Annotations

Branches:
Dungeon (9/15)             Temple (1/1) D:6            Lair (0/5) D:9
    Orc: D:9-12

Altars:
Ashenzari
Cheibriados
Elyvilon
Fedhas
Gozag
Hepliaklqana
Kikubaaqudgha
Makhleb
Nemelex Xobeh
Okawaru
Qazlal
Ru
Sif Muna
Trog
Uskayaw
Vehumet
Wu Jian
Yredelemnul
Zin
The Shining One

Shops:
D:4 *   D:7 =

Annotations:
D:4 dig, Pikel


Message History

A wave of flame ripples out!
The flame wave engulfs the green ugly thing.
The green ugly thing is almost dead.
The flame wave engulfs the centaur!
The centaur is almost dead.
The flame wave engulfs the gnoll sergeant!
The gnoll sergeant is heavily wounded.
You finish channelling waves of flame.
You feel very sick.
You hear an angry buzzing noise.
The green ugly thing claws you.
Casting: Flame Wave (dangerous; 1% risk of failure)
Confirm with . or Enter, or press ? or * to list all spells.
Casting: Flame Wave (dangerous; 1% risk of failure)
Press: ? - help, Dir - look around, f - activate A wave of flame ripples out!
The flame wave engulfs the green ugly thing!
You kill the green ugly thing!
Sif Muna accepts your kill.
The flame wave engulfs the centaur!
You kill the centaur!
Sif Muna accepts your kill. (Press . to intensify the flame waves.)
You feel very sick.
The gnoll sergeant hits you from afar with a +3 trident of venom!
* * * LOW HITPOINT WARNING * * *
Your Fighting skill increases to level 4!
A wave of flame ripples out!
The flame wave engulfs the gnoll sergeant!
You kill the gnoll sergeant!
Sif Muna accepts your kill.
* * * LOW HITPOINT WARNING * * *
You feel very sick.
A hornet comes into view.
Your Conjurations skill increases to level 8!
A wave of flame ripples out!
The flame wave engulfs the gnoll!
You kill the gnoll!
Sif Muna accepts your kill.
You finish channelling waves of flame.
You die...

## .# .## ..##
###...### .
.......# ..#.!
#......#
=$.... #@##
##.....####†)#
.........##).#
......PP..#.##
.P........y.#
....>.......#
.....)).h..##
.....)))..##
....))cg.##


You could see a hornet.

Vanquished Creatures
  An ugly thing (D:9)
  Joseph (D:8)
  Sigmund (D:4)
  A wyvern (D:8)
  4 yaks (D:6)
  2 wargs (D:9)
  3 water moccasins
  2 black bears
  An ice beast (D:6)
  3 orc warriors
  3 centaurs
  3 ogres
  5 kobold brigands
  3 bullfrogs
  2 gnoll sergeants
  2 scorpions
  5 wights (D:8)
  6 howler monkeys
  3 jellies
  3 orc priests
  2 gnoll boudas
  3 hounds
  Crazy Yiuf (D:7)
  2 iguanas
  Jessica (D:2)
  Natasha (thrice) (D:4)
  8 orc wizards
  Robin (D:4)
  19 gnolls
  2 adders
  A shadow imp (D:6)
  2 worms
  4 dart slugs
  23 orcs
  2 endoplasms
  7 giant cockroaches
  16 goblins
  10 hobgoblins
  3 quokkas
  8 ball pythons
  A bat (D:3)
  4 frilled lizards (D:3)
  32 kobolds
  7 rats
216 creatures vanquished.

Vanquished Creatures (others)
  9 bushes (D:8)
  474 foxfires
  14 plants
497 creatures vanquished.

Grand Total: 713 creatures vanquished

Notes
Turn   | Place    | Note
-------+----------+-------------------------------------------
     0 | D:1      | raph the Deep Elf Fire Elementalist began the quest for the
                  | Orb.
     0 | D:1      | Reached XP level 1. HP: 10/10 MP: 6/6
   272 | D:1      | Reached XP level 2. HP: 15/15 MP: 1/8
   279 | D:1      | Learned a level 2 spell: Scorch
   927 | D:1      | Reached skill level 4 in Fire Magic
  1004 | D:2      | Reached XP level 3. HP: 19/19 MP: 6/9
  1388 | D:2      | Learned a level 3 spell: Inner Flame
  1456 | D:2      | Noticed Jessica
  1459 | D:2      | Killed Jessica
  1460 | D:2      | Reached XP level 4. HP: 20/24 MP: 6/10
  1482 | D:2      | Learned a level 3 spell: Volatile Blastmotes
  1926 | D:3      | Found an iron altar of Okawaru.
  1965 | D:3      | Reached skill level 5 in Fire Magic
  2101 | D:3      | Noticed a +0 hand axe
  2102 | D:3      | Found a hide-covered altar of Uskayaw.
  2102 | D:3      | Noticed a +0 dagger
  2246 | D:3      | Found a blossoming altar of Fedhas.
  2253 | D:3      | Found a snail-covered altar of Cheibriados.
  2978 | D:4      | Reached XP level 5. HP: 28/28 MP: 6/12
  3311 | D:4      | Noticed Sigmund
  3316 | D:4      | Killed Sigmund
  3317 | D:4      | Reached skill level 6 in Fire Magic
  3317 | D:4      | Reached XP level 6. HP: 32/32 MP: 10/14
  3374 | D:4      | Found Xibboxo's General Store.
  3375 | D:4      | Noticed Robin
  3385 | D:4      | Noticed Pikel
  3386 | D:4      | Killed Robin
  3388 | D:4      | Noticed Natasha
  3595 | D:4      | Killed Natasha
  3638 | D:4      | Learned a level 4 spell: Flame Wave
  3696 | D:4      | Noticed Natasha
  3701 | D:4      | Killed Natasha
  3706 | D:4      | Noticed Natasha
  3709 | D:4      | Killed Natasha
  3710 | D:4      | Reached skill level 5 in Spellcasting
  3792 | D:4      | Bought a scroll of identify for 28 gold pieces
  3792 | D:4      | Bought a potion of curing for 42 gold pieces
  3852 | D:5      | Entered Level 5 of the Dungeon
  3862 | D:5      | Reached XP level 7. HP: 36/36 MP: 12/16
  3947 | D:5      | Reached skill level 7 in Fire Magic
  4135 | D:5      | Reached skill level 5 in Conjurations
  4135 | D:5      | Reached skill level 8 in Fire Magic
  4308 | D:5      | Reached XP level 8. HP: 41/41 MP: 13/19
  4895 | D:6      | Reached skill level 1 in Fighting
  4895 | D:6      | Reached skill level 9 in Fire Magic
  5066 | D:6      | Reached XP level 9. HP: 48/48 MP: 2/21
  5159 | D:6      | Reached skill level 10 in Fire Magic
  5195 | D:6      | Found a white marble altar of Elyvilon.
  5383 | D:6      | Found a staircase to the Ecumenical Temple.
  5574 | D:6      | Found a stormy altar of Qazlal.
  5574 | D:6      | Found a sacrificial altar of Ru.
  5685 | Temple   | Entered the Ecumenical Temple
  5864 | Temple   | Became a worshipper of Sif Muna the Loreminder
  5954 | D:7      | Reached skill level 5 in Dodging
  6010 | D:7      | Reached skill level 1 in Invocations
  6219 | D:7      | Found Nahyoj's Jewellery Shoppe.
  6322 | D:7      | Found a hazy altar of Hepliaklqana.
  6436 | D:7      | Found a runed translucent door.
  6437 | D:7      | Noticed Crazy Yiuf
  6443 | D:7      | Killed Crazy Yiuf
  6866 | D:8      | Reached skill level 11 in Fire Magic
  6870 | D:8      | Reached * piety under Sif Muna
  6871 | D:8      | Reached XP level 10. HP: 28/56 MP: 11/22
  7144 | D:8      | Identified the +1 rapier of Ustidoud {heavy, *Corrode
                  | Str+7}
  7153 | D:8      | Noticed Joseph
  7162 | D:8      | Killed Joseph
  7410 | D:8      | Found a glowing silver altar of Zin.
  7881 | D:9      | Found a staircase to the Lair.
  7884 | D:9      | Noticed a green ugly thing
  7905 | D:9      | Killed a green ugly thing
  7905 | D:9      | Reached ** piety under Sif Muna
  7906 | D:9      | HP: 1/56 [poisoned by a green ugly thing]
  7907 | D:9      | Succumbed to a green ugly thing's poison

Illustrated notes

Levels and vault maps discovered:
D:1:      spicycebolla_arrival_ecumenical, layout_loops_cross
D:2:      layout_loops_ring, serial_forest, infiniplex_forest_clump_curved,
          infiniplex_forest_clump_diagonal, infiniplex_forest_straight_4,
          infiniplex_forest_straight_3, infiniplex_forest_lined_ring,
          infiniplex_forest_lined_corner, infiniplex_forest_zigzag_2,
          minivault_14, uniq_jessica
D:3:      layout_loops_ring, mainiacjoe_overflow_large_starburst,
          dancing_weapons_uskayaw, okawaru_trees_1,
          chequers_serial_rivers_micro_a, lexackson_kobold_supper
D:4:      layout_basic, serial_shops, nicolae_inconvenience_store,
          due_unseen_surprise, uniq_natasha, uniq_sigmund, uniq_robin,
          uniq_pikel
D:5:      layout_loops_ring
D:6:      cheibrodos_thug_alley, layout_loops_ring,
          gammafunk_temple_overflow_elements, amcnicky_altar_gilded,
          minmay_temple_entry_from_below_a
D:7:      layout_rooms, nicolae_hepliaklqana_hazy_memory, serial_shops, shop,
          uniq_crazy_yiuf_cottage
D:8:      layout_basic, mainiacjoe_overflow_cross_hatched,
          minmay_strange_pillars, uniq_joseph
D:9:      layout_cave_pools, kennysheep_mini, erik_lair_orcish_takeover
Temple:   bh_familiar_temple

Skill      XL: |  1  2  3  4  5  6  7  8  9 10 |
---------------+-------------------------------+-----
Fire Magic     | 4 5 6 8 9 11 | 11.7
Conjurations   | 2 3 4 5 6 7 8 |  8.0
Spellcasting   | 4 5 6 |  6.7
Fighting       | 2 3 4 |  4.0
Dodging        | 4 5 6 |  6.5
Invocations    | 2 3 |  3.7
Stealth        | |  2.4

Action                     |  1- 3 |  4- 6 |  7- 9 | 10-12 || total
---------------------------+-------+-------+-------+-------++-------
  Melee: Dagger            |     5 |       |     5 |     1 ||    11
   Cast: Foxfire           |    55 |   154 |    74 |       ||   283
         Scorch            |     1 |    16 |    38 |     5 ||    60
         Inner Flame       |       |     3 |     2 |     1 ||     6
         Flame Wave        |       |       |    33 |    11 ||    44
         Volatile Blastmot |       |       |     4 |       ||     4
    Use: Scroll            |     3 |    11 |     8 |       ||    22
         Potion            |       |       |       |     1 ||     1
   Stab: Sleeping          |       |       |     1 |       ||     1
 Armour: Robe              |     6 |     4 |    16 |     3 ||    29
  Dodge: Dodged            |     8 |     7 |    46 |    22 ||    83
